 Dungeon Crawl Stone Soup version 0.16.2-12-gd0ad4c3 (webtiles) character file.

369 Charly the Cleaver (level 6, -6/76 HPs)
             Began as a Hill Orc Berserker on Sept 12, 2015.
             Was a Believer of Trog.
             Mangled by a slave (7 damage)
             ... led by Pikel
             ... on level 5 of the Dungeon.
             The game lasted 00:18:43 (1369 turns).

Charly the Cleaver (Hill Orc Berserker)             Turns: 1369, Time: 00:18:43

Health: -6/76      AC:  4    Str: 24 (26) XL:     6   Next: 70%
Magic:  6/6        EV: 11    Int:  8      God:    Trog [**....]
Gold:   126        SH:  0    Dex: 10      Spells: 0 memorised, 5 levels left

rFire  . . .     SeeInvis .     a - +0 hand axe
rCold  . . .     Clarity  .     h - +0 troll leather armour {Purgy}
rNeg   . . .     SustAb   .     (no shield)
rPois  .         Gourm    .     (no helmet)
rElec  .         Spirit   .     (no cloak)
rCorr  .         Warding  .     (no gloves)
rMut   .         Stasis   .     (no boots)
MR     .....                    (no amulet)
Stlth  ..........               (no ring)
                                x - ring of loudness

@: berserking, very quick, not resistant to hostile enchantments, extremely
unstealthy
A: no striking features
a: Burn Spellbooks, Berserk, Trog's Hand, Renounce Religion


You were on level 5 of the Dungeon.
You worshipped Trog.
Trog was pleased with you.
You were not hungry.

You visited 2 branches of the dungeon, and saw 6 of its levels.
You also visited: Sewer and Ossuary.

You collected 126 gold pieces.

Inventory:

Hand weapons
 a - a +0 hand axe (weapon)
 b - a +0 blowgun
Missiles
 f - 9 poisoned needles
 w - a throwing net (quivered)
Armour
 h - a +0 troll leather armour (worn) {Purgy}
 A - a +0 animal skin
Jewellery
 x - a ring of loudness (left hand)
Magical devices
 y - a wand of paralysis (10)
Scrolls
 d - a scroll of fear {unknown}
 e - a scroll of blinking {unknown}
 g - a scroll of remove curse
 j - a scroll of recharging
 m - a scroll of identify {unknown}
 s - a scroll of magic mapping {unknown}
 u - a scroll of enchant weapon {unknown}
 v - a scroll of teleportation {unknown}
 B - a scroll of enchant armour
Potions
 k - 2 potions of berserk rage {unknown}
 l - a potion of might
 n - 3 potions of curing {unknown}
 o - a potion of heal wounds {unknown}
 p - a potion of poison {unknown}
 q - 2 potions of brilliance {unknown}
 r - a potion of mutation {unknown}
 t - 3 potions of agility {unknown}
 z - a potion of restore abilities {unknown}
Comestibles
 c - 3 meat rations
 i - a bread ration


   Skills:
 - Level 3.6 Fighting
 + Level 9.6 Axes
 - Level 2.1 Armour
 - Level 1.5 Dodging


You had 5 spell levels left.
You didn't know any spells.

Dungeon Overview and Level Annotations

Branches:
Dungeon (5/15)             Temple (1/1) D:5

Altars:
Cheibriados
Dithmenos
Elyvilon
Fedhas
Qazlal
Ru
Trog
Xom
Zin

Annotations:
D:5 Dowan, Duvessa, Pikel


Message History

The gnoll completely misses you.
Dowan says, "Stay away from my face!"
Dowan mumbles some strange words.
Dowan blinks!
You closely miss Duvessa.
Duvessa is almost dead.
You hit the gnoll shaman.
The gnoll shaman is almost dead.
You slash the slave!
The slave is severely wounded.
You hit the slave but do no damage.
The slave is heavily wounded.
Duvessa hits you with a short sword.
* * * LOW HITPOINT WARNING * * *
The gnoll shaman hits you with a club.
* * * LOW HITPOINT WARNING * * *
The slave hits you.
* * * LOW HITPOINT WARNING * * *
The slave hits you!
You die...

..# .# #.# ########
..# .#
####.###......# #.#
#.####........†.##.#
#.#
#..........^..#.#
#.#
#..###.##K#####.#
#.## #e. #.##g# .#
#..# #..###.##.# .#
#..# ##.....p##g# .#
#..# ......§e@p.# .#
#..# ##...##g#### .
#..# #ee#. #.# ...#
. # ... ##.# .#..
#.# .##.# ##.# .#
#.# ...# #. ...# .


You could see Duvessa, 2 slaves, Dowan, a gnoll shaman and a gnoll.

Vanquished Creatures
  A slave (D:5)
  Purgy (Sewer)
  A centaur (D:5)
  Natasha (D:3)
  A big kobold zombie (Ossuary)
  A mummy (Ossuary)
  A gnoll (D:5)
  3 adders
  3 giant mites (D:5)
  A worm (D:5)
  A giant gecko (D:2)
  An ooze (D:4)
  A spectral bat (Ossuary)
  10 bats
  5 giant cockroaches
  6 gnoll zombies (Ossuary)
  3 hobgoblins
  A quokka (D:5)
  7 bat simulacra (Ossuary)
  2 goblins (D:5)
  2 goblin simulacra (Ossuary)
  6 goblin zombies (Ossuary)
  6 hobgoblin zombies (Ossuary)
  9 jackals
  2 kobolds
  2 kobold simulacra (Ossuary)
  A kobold zombie (Ossuary)
  3 orc zombies (Ossuary)
  4 rats
  4 rat simulacra (Ossuary)
  5 spectral goblins (Ossuary)
  4 spectral kobolds (Ossuary)
  2 spectral rats (Ossuary)
101 creatures vanquished.

Vanquished Creatures (others)
  A gnoll zombie (Ossuary)
  A hobgoblin zombie (Ossuary)
2 creatures vanquished.

Grand Total: 103 creatures vanquished

Notes
Turn   | Place    | Note
--------------------------------------------------------------
     0 | D:1      | Charly, the Hill Orc Berserker, began the quest for the Orb.
     0 | D:1      | Reached XP level 1. HP: 19/19 MP: 1/1
   216 | D:3      | Reached XP level 2. HP: 21/26 MP: 2/2
   217 | D:3      | Noticed Natasha
   226 | D:3      | Killed Natasha
   226 | D:3      | Reached skill level 5 in Axes
   226 | D:3      | Reached XP level 3. HP: 31/31 MP: 3/3
   394 | D:4      | Reached skill level 6 in Axes
   399 | D:4      | Found a snail-covered altar of Cheibriados.
   409 | D:4      | Found a sand-covered staircase.
   437 | Ossuary  | Entered an ossuary
   457 | Ossuary  | Reached XP level 4. HP: 21/39 MP: 4/4
   607 | Ossuary  | Reached skill level 7 in Axes
   607 | Ossuary  | Reached XP level 5. HP: 8/45 MP: 5/5
   811 | D:5      | Entered Level 5 of the Dungeon
   811 | D:5      | Found a staircase to the Ecumenical Temple.
   817 | D:5      | Acquired Trog's second power
   859 | Temple   | Entered the Ecumenical Temple
   939 | D:5      | Noticed a centaur
   950 | D:5      | Killed a centaur
   950 | D:5      | Reached skill level 8 in Axes
  1121 | D:5      | Noticed Duvessa
  1146 | D:5      | Reached XP level 6. HP: 38/51 MP: 6/6
  1159 | D:5      | Found a glowing drain.
  1180 | Sewer    | Entered a sewer
  1204 | Sewer    | Noticed Purgy
  1223 | Sewer    | HP: 3/76 [Purgy (8)]
  1223 | Sewer    | HP: 1/76 [Purgy (2)]
  1226 | Sewer    | Killed Purgy
  1226 | Sewer    | Reached skill level 9 in Axes
  1344 | D:5      | Noticed a slave
  1345 | D:5      | Noticed a slave
  1346 | D:5      | Noticed Pikel
  1348 | D:5      | Noticed Dowan
  1348 | D:5      | Noticed a slave
  1349 | D:5      | Noticed a slave
  1364 | D:5      | Killed a slave
  1369 | D:5      | HP: 2/76 [gnoll shaman/club (6)]
  1369 | D:5      | Mangled by a slave

Action                   |  1- 3 |  4- 6 || total
-------------------------+-------+-------++-------
Melee: Hand axe          |    46 |   211 ||   257
       Unarmed           |     6 |       ||     6
 Fire: Blowgun           |       |     2 ||     2
Throw: Throwing net      |       |     3 ||     3
Invok: Berserk           |     2 |     6 ||     8
       Trog's Hand       |       |     4 ||     4
  Use: Scroll            |     1 |     2 ||     3
       Potion            |       |     2 ||     2
  Eat: Meat ration       |     1 |       ||     1
       Beef jerky        |     1 |       ||     1
       Bread ration      |       |     1 ||     1
